 Dungeon Crawl Stone Soup version 0.29.1-12-g30fa7ad0bf (webtiles) character file.

Game seed: 6273237653059229398

844 sillycutie the Cleaver (level 7, -4/57 HPs)
             Began as a Minotaur Berserker on Jan 11, 2023.
             Was a Believer of Trog.
             Slain by Menkaure (10 damage)
             ... on level 4 of the Dungeon.
             The game lasted 00:17:39 (4093 turns).

sillycutie the Cleaver (Minotaur Berserker)         Turns: 4093, Time: 00:17:42

Health: -4/57      AC:  6    Str: 24    XL:     7   Next: 68%
Magic:  6/6        EV: 11    Int:  4    God:    Trog [**....]
Gold:   250        SH:  0    Dex: 15    Spells: 6/6 levels left

rFire   . . .      SeeInvis .   h - +5 lochaber axe {reach-cleave, poleaxe}
rCold   . . .      Faith    .   (shield currently unavailable)
rNeg    . . .      Spirit   .   f - +0 ring mail
rPois   .          Reflect  .   (helmet restricted)
rElec   .          Harm     .   (no cloak)
rCorr   .          Rampage  .   (no gloves)
Will    ++...                   r - +0 pair of boots
Stlth   +.........              (no amulet)
HPRegen 1.19/turn               d - +6 ring of dexterity
MPRegen 0.10/turn               (no ring)

@: strong-willed, on berserk cooldown, regenerating, slowed, very slow
A: horns 2, retaliatory headbutt
a: Renounce Religion, Berserk, Trog's Hand


You were on level 4 of the Dungeon.
You worshipped Trog.
Trog was pleased with you.
You visited 1 branch of the dungeon, and saw 4 of its levels.

You collected 250 gold pieces.

Inventory:

Hand Weapons
 a - a +0 hand axe
 h - the +5 lochaber axe (weapon) {reach-cleave, poleaxe}
   (You found it on level 3 of the Dungeon)

   It can be evoked to extend its reach, and strikes at all foes within reach,
   dealing less damage to those not targeted.
   It uses either Axes or Polearms skill, whichever is higher.
 s - a +0 war axe
Armour
 f - a +0 ring mail (worn)
 r - a +0 pair of boots (worn)
Jewellery
 d - a +6 ring of dexterity (left hand)
Scrolls
 c - a scroll of enchant weapon {unknown}
 e - a scroll of butterflies
 g - a scroll of summoning {unknown}
 j - a scroll of fear {unknown}
 l - a scroll of enchant armour {unknown}
 n - a scroll of teleportation
 p - a scroll of amnesia {unknown}
Potions
 b - a potion of magic
 i - 2 potions of curing
 k - a potion of lignification
 m - 2 potions of haste {unknown}
 o - 3 potions of berserk rage
 q - a potion of flight {unknown}
 t - a potion of resistance {unknown}


   Skills:
 - Level 3.6 Fighting
 + Level 11.0 Axes
 - Level 2.4 Armour
 - Level 2.1 Dodging


You had 6 spell levels left.
You didn't know any spells.
Your spell library was empty.

Dungeon Overview and Level Annotations

Branches:
Dungeon (4/15)
 Temple: D:4-7

Altars:
Cheibriados
Sif Muna
Wu Jian

Shops:
D:3 (

Annotations:
D:4 Menkaure


Innate Abilities, Weirdness & Mutations

You have a pair of horns on your head.
You reflexively headbutt those who attack you in melee.


Message History

There is a stone staircase leading down here.
A black bear comes into view.
The black bear growls angrily.
You closely miss the black bear.
The black bear bites you but does no damage.
The black bear closely misses you. The black bear claws you.
You slice the black bear!! You headbutt the black bear.
You kill the black bear!
Trog accepts your kill.
Your Axes skill increases to level 11!
No target in view!
HP restored.
Menkaure, Prince of Dust comes into view.
Menkaure shouts!
Your skin crawls.
You feel strong-willed.
Menkaure calls on the powers of darkness!
Your body is wracked with pain!
A red film seems to cover your vision as you go berserk!
You feel yourself moving faster!
You feel mighty!
Menkaure casts a spell.
Menkaure seems to speed up.
You feel a strong urge to attack something.
Menkaure calls on the powers of darkness!
Your body is wracked with pain!
* * * LOW HITPOINT WARNING * * *
You are too injured to fight recklessly!
You are too injured to fight recklessly!
You feel your anger nearly subside.
You are no longer berserk.
You are exhausted.
You feel yourself slow down.
You hit Menkaure.
Menkaure is lightly damaged.
Menkaure hits you!
* * * LOW HITPOINT WARNING * * *
Menkaure hits you.
* * * LOW HITPOINT WARNING * * *
Menkaure hits you!
You die...

..# #.#.## ##..
#.# #.##.###.##
#.# #.##....###
#.# #. #.#.###.
#.# #. #.#.# #.
#.# #. #.#.# #.
#.# ####. #.#.###.
#M# #.. #.......
#@# #.# #######.
#.# #.# #. #.# #.#
#) #.# #.# #.
#.###.######## #.
#............# #.
##.#########.####.
#†# #....... #.#
#..####.


You could see Menkaure (fast).

Vanquished Creatures
  Sigmund (D:2)
  A black bear (D:4)
  A sky beast (D:4)
  An ogre (D:4)
  3 scorpions
  A hound (D:2)
  An orc priest (D:4)
  An iguana (D:4)
  3 gnolls (D:3)
  5 adders
  A dart slug (D:2)
  2 orcs (D:4)
  6 bats
  5 endoplasms
  4 giant cockroaches
  12 goblins
  9 hobgoblins
  8 jackals
  2 quokkas
  4 ball pythons
  A frilled lizard (D:1)
  5 kobolds
  9 rats
86 creatures vanquished.

Vanquished Creatures (others)
  3 plants (D:3)
3 creatures vanquished.

Grand Total: 89 creatures vanquished

Notes
Turn   | Place    | Note
-------+----------+-------------------------------------------
     0 | D:1      | sillycutie the Minotaur Berserker began the quest for the
                  | Orb.
     0 | D:1      | Reached XP level 1. HP: 19/19 MP: 0/0
   123 | D:1      | Reached skill level 4 in Axes
   504 | D:1      | Reached XP level 2. HP: 26/26 MP: 1/1
   967 | D:1      | Reached skill level 5 in Axes
  1101 | D:2      | Reached ** piety under Trog
  1131 | D:2      | Found a faded altar of an unknown god.
  1183 | D:2      | Found an ornate altar of the Wu Jian Council.
  1230 | D:2      | Noticed Sigmund
  1238 | D:2      | Reached XP level 3. HP: 31/31 MP: 2/2
  1240 | D:2      | Killed Sigmund
  1241 | D:2      | Reached skill level 7 in Axes
  1241 | D:2      | Reached XP level 4. HP: 39/39 MP: 3/3
  1241 | D:2      | Reached XP level 5. HP: 45/45 MP: 4/4
  1388 | D:2      | You fall into a shaft and drop 1 floor!
  1408 | D:3      | Found the +5 lochaber axe {reach-cleave, poleaxe}
  1523 | D:2      | Reached skill level 8 in Axes
  2230 | D:3      | Found a shimmering blue altar of Sif Muna.
  2391 | D:3      | Reached XP level 6. HP: 51/51 MP: 5/5
  3023 | D:3      | Found Efepug's Antique Weapon Shoppe.
  3141 | D:3      | Found a snail-covered altar of Cheibriados.
  3297 | D:4      | Noticed a sky beast
  3300 | D:4      | Killed a sky beast
  3301 | D:4      | Reached skill level 9 in Axes
  3357 | D:4      | Reached XP level 7. HP: 57/57 MP: 6/6
  3891 | D:4      | Reached skill level 10 in Axes
  4069 | D:4      | Reached skill level 11 in Axes
  4086 | D:4      | Noticed Menkaure
  4093 | D:4      | Slain by Menkaure

Illustrated notes

Levels and vault maps discovered:
D:1:      psy_arrival_basics, layout_basic
D:2:      layout_basic, shapermc_ecumenical_altar_mp_urbaneastern, basic_altar,
          uniq_sigmund
D:3:      layout_basic, lemuel_tele_altar, mainiacjoe_overflow_alcove_4,
          serial_shops, nicolae_shop_behind_doors, palyth_stone_intersect,
          serial_bayou_pond_a, minmay_misc_feat_room, chequers_big_river,
          grunt_decor_junction, chequers_serial_rivers_micro_a,
          roderic_serpentine_path
D:4:      layout_loops_ring, grunt_ministairs_10,
          hangedman_decor_clover_reticule, chequers_serial_rivers_micro_e,
          uniq_menkaure

Skill      XL: |  1  2  3  4  5  6  7 |
---------------+----------------------+-----
Axes           | 4 5 7 8 9 11 | 11.0
Fighting       | |  3.6
Armour         | |  2.4
Dodging        | |  2.1

Action                   |  1- 3 |  4- 6 |  7- 9 || total
-------------------------+-------+-------+-------++-------
Melee: Hand axe          |    43 |    46 |       ||    89
       Headbutt          |     7 |    10 |     3 ||    20
       Lochaber axe      |       |    32 |    32 ||    64
       Punch             |       |     1 |       ||     1
Invok: Berserk           |     2 |     2 |     2 ||     6
       Trog's Hand       |     1 |     2 |     2 ||     5
  Use: Scroll            |       |     4 |     2 ||     6
Armor: Ring mail         |     8 |    35 |     9 ||    52
Dodge: Dodged            |    21 |    39 |    13 ||    73
